 Dungeon Crawl Stone Soup version 0.27-a0-1196-g3e9cee4cb2 (webtiles) character file.

Game seed: 12074406918018612009

103 fartbutt the Chopper (level 4, -1/38 HPs)
             Began as a Draconian Gladiator on May 30, 2021.
             Slain by Terence
             ... wielding a +0 flail
              (6 damage)
             ... on level 2 of the Dungeon.
             The game lasted 00:03:49 (1676 turns).

fartbutt the Chopper (Draconian Gladiator)          Turns: 1676, Time: 00:03:50

Health: -1/38      AC:  5    Str: 15 (17) XL:     4   Next: 51%
Magic:  4/4        EV: 12    Int:  6 (9)  God:
Gold:   61         SH:  0    Dex: 11 (12) Spells: 3/3 levels left

rFire    . . .     SeeInvis .   a - +0 war axe
rCold    . . .     Faith    .   (no shield)
rNeg     . . .     Spirit   .   (armour unavailable)
rPois    .         Reflect  .   b - +0 hat
rElec    .         Harm     .   (no cloak)
rCorr    .         Rampage  .   (no gloves)
Will     .....                  (no boots)
Stlth    ++........             (no amulet)
HPRegen  0.12/turn              (no ring)
MPRegen  0.09/turn              (no ring)

@: no status effects
A: AC +5, unfitting armour, cold-blooded
a: no special abilities


You were on level 2 of the Dungeon.
You visited 1 branch of the dungeon, and saw 2 of its levels.

You collected 61 gold pieces.

Inventory:

Hand Weapons
 a - a +0 war axe (weapon)
Missiles
 c - 3 throwing nets (quivered)
Armour
 b - a +0 hat (worn)
Scrolls
 d - a scroll of fear {unknown}
 e - a scroll of magic mapping {unknown}
 f - a scroll of identify {unknown}
Potions
 g - 3 potions of degeneration


   Skills:
 + Level 3.0 Fighting
 + Level 4.3 Axes
 - Level 1.8 Throwing
 + Level 3.1 Dodging
 * Level 1.2 Stealth


You had 3 spell levels left.
You didn't know any spells.
Your spell library contained the following spells:

 Spells                   Type           Power      Damage    Failure   Level
 Magic Dart               Conj           0%         1d3       45%         1
 Blink                    Tloc           N/A        N/A       58%         2
 Call Imp                 Summ           0%         N/A       58%         2
 Slow                     Hex            0%         N/A       58%         2
 Conjure Flame            Conj/Fire      0%         6-21      83%         3
 Mephitic Cloud           Conj/Pois/Air  0%         N/A       83%         3


Dungeon Overview and Level Annotations

Branches:
Dungeon (2/15)

Altars:
Elyvilon

Shops:
D:1 (:!

Annotations:
D:2 Terence


Innate Abilities, Weirdness & Mutations

Your plain brown scales are hard. (AC +5)
You cannot fit into any form of body armour.
You are cold-blooded and may be slowed by cold attacks.


Message History

The gnoll is almost dead.
The gnoll hits you with a +0 flail! The gnoll barely misses you.
The gnoll shouts!
You slash the gnoll!
You kill the gnoll!
You hear a bark!
The gnoll closely misses you.
You feel your dexterity returning. The gnoll hits you with a +0 halberd.
You hit the gnoll.
The gnoll is heavily wounded.
The gnoll hits you with a +0 halberd.
You barely miss the gnoll.
The gnoll is heavily wounded.
The gnoll hits you with a +0 halberd!
* * * LOW HITPOINT WARNING * * *
The gnoll closely misses you.
It was a potion of curing.
You feel better. The gnoll misses you.
You slash the gnoll!
The gnoll is almost dead.
The gnoll hits you with a +0 halberd.
* * * LOW HITPOINT WARNING * * *
You slash the gnoll!
You kill the gnoll!
Your Fighting skill increases to level 3!
You slash Terence!
Terence is moderately wounded.
Terence closely misses you. Terence hits you with a +0 flail.
* * * LOW HITPOINT WARNING * * *
You barely miss Terence.
Terence is moderately wounded.
Terence misses you.
You hit Terence.
Terence is heavily wounded.
Terence closely misses you.
You barely miss Terence.
Terence is heavily wounded.
A giant cockroach comes into view.
Terence hits you with a +0 flail.
You die...

#.....###....##.........
#####...........(....#..
#######.#...†).#....
#.........>..).....
######.......##.!##
#...............#
##.##.#.####...#.#
#..##.#.# ##.....
#@###...# #..... #@#
#..## ###... #g# #..##
... #g# #.... ...
###.##..##. #..........
#.#.B...... ###........
#........


You could see Terence, a gnoll, a giant cockroach (wandering) and a goblin.

Vanquished Creatures
  Robin (D:2)
  2 gnolls (D:2)
  2 adders (D:2)
  5 endoplasms (D:1)
  A giant cockroach (D:1)
  15 goblins
  4 hobgoblins
  2 jackals (D:2)
  4 kobolds
  2 quokkas
  6 ball pythons
  3 bats
  A frilled lizard (D:1)
  2 rats
50 creatures vanquished.

Notes
Turn   | Place    | Note
-------+----------+-------------------------------------------
     0 | D:1      | fartbutt the Draconian Gladiator began the quest for the
                  | Orb.
     0 | D:1      | Reached XP level 1. HP: 17/17 MP: 1/1
   187 | D:1      | Found Huogga's Distillery.
   213 | D:1      | Reached XP level 2. HP: 17/25 MP: 2/2
   391 | D:1      | Found Fosoah's Book Boutique.
   417 | D:1      | Found a faded altar of an unknown god.
   461 | D:1      | Found Baco's Weapon Boutique.
   990 | D:2      | Reached XP level 3. HP: 21/30 MP: 3/3
  1176 | D:2      | Noticed Robin
  1192 | D:2      | HP: 2/45 [goblin/+0 dagger[Robin] (1)]
  1195 | D:2      | Killed Robin
  1196 | D:2      | Reached skill level 4 in Axes
  1196 | D:2      | Reached skill level 1 in Stealth
  1198 | D:2      | Reached XP level 4. HP: 4/37 MP: 4/4
  1606 | D:2      | Found a white marble altar of Elyvilon.
  1654 | D:2      | Noticed Terence
  1676 | D:2      | Slain by Terence

Illustrated notes

Levels and vault maps discovered:
D:1:      giann_forest_graveyard, layout_basic,
          hellmonk_ecumenical_altar_lost_god, serial_shops, shop,
          nicolae_shop_behind_doors, nicolae_shop_trees
D:2:      layout_rooms, basic_altar, chequers_serial_rivers_room_b, uniq_robin,
          uniq_terence

Skill      XL: |  1  2  3  4 |
---------------+-------------+-----
Dodging        | 3 |  3.1
Axes           | 4 |  4.3
Stealth        | 1 |  1.2
Fighting       | 3 |  3.0
Throwing       | |  1.8

Action                   |  1- 3 |  4- 6 || total
-------------------------+-------+-------++-------
Melee: War axe           |    80 |    29 ||   109
       Tailslap          |     5 |     4 ||     9
  Use: Potion            |     2 |     1 ||     3
Armor: Skin              |    54 |    10 ||    64
Dodge: Dodged            |    60 |    26 ||    86

Table legend: (Time is in decaauts)
 A = Elapsed time spent in this place.
 B = Non-inter-level travel time spent in this place.
 C = Inter-level travel time spent in this place.
 D = Time resting spent in this place.
 E = Time spent auto-exploring this place.
 F = Levels seen in this place.
 G = Mean time per level.
                   A        B        C        D        E       F      G
               +--------+--------+--------+--------+--------+-----+--------+
         Total |   1713 |   1713 |      0 |    224 |   1105 |   2 |  856.5 |
       Dungeon |   1713 |   1713 |      0 |    224 |   1105 |   2 |  856.5 |
               +--------+--------+--------+--------+--------+-----+--------+

Top non-repeatable levels by time:
     D:1: 926 daAuts
     D:2: 786 daAuts
